 Dungeon Crawl Stone Soup version 0.30-a0-760-g5a9884bb7c (webtiles) character file.

Game seed: 2198246932733467636

4211 BigDaddyOpFi the Cleaver (level 10, -9/91 HPs)
             Began as a Hill Orc Fighter on Feb 10, 2023.
             Was a Believer of Beogh.
             Mangled by Grum
             ... wielding a +1 glaive
              (19 damage)
             ... on level 8 of the Dungeon.
             The game lasted 00:08:44 (6681 turns).

BigDaddyOpFi the Cleaver (Hill Orc Fighter)         Turns: 6681, Time: 00:08:44

Health: -9/91      AC: 15    Str: 24    XL:     10   Next: 29%
Magic:  4/5        EV:  8    Int:  8    God:    Beogh [**....]
Gold:   360        SH:  0    Dex: 16    Spells: 9/9 levels left

rFire   . . .      SeeInvis .    s - +7 executioner's axe of the Walnut {antimagic, rElec}
rCold   . . .      Faith    .    (shield currently unavailable)
rNeg    . . .      Spirit   .    j - +0 chain mail
rPois   .          Reflect  .    (no helmet)
rElec   +          Harm     .    g - +0 cloak
rCorr   .          Rampage  .    e - +0 pair of gloves
Will    .....      Clarity  +    p - +0 pair of boots Stlth
                                 q - amulet of regeneration
HPRegen 1.15/turn                m - +6 ring of dexterity
MPRegen 0.09/turn                (no ring)

@: mighty, about to teleport, unable to read
A: clarity, no potion heal 1, inability to read after injury 1, MP-powered wands
a: Renounce Religion, Smiting


You were on level 8 of the Dungeon.
You worshipped Beogh.
Beogh was pleased with you.
You visited 1 branch of the dungeon, and saw 8 of its levels.

You collected 360 gold pieces.

Inventory:

Hand Weapons
 a - a +0 war axe
 s - the +7 executioner's axe of the Walnut (weapon) {antimagic, rElec}
   (You acquired it on level 7 of the Dungeon)

   rElec:     It insulates you from electricity.
 v - a +1 heavy dire flail
 w - a +1 broad axe
Armour
 b - a +0 scale mail
 c - a +0 buckler
 e - a +0 pair of gloves (worn)
 g - a +0 cloak (worn)
 j - a +0 chain mail (worn)
 p - a +0 pair of boots (worn)
 r - a +3 leather armour of poison resistance
 u - a scarf of invisibility
Jewellery
 f - a ring of poison resistance
 i - a ring of flight
 m - a +6 ring of dexterity (left hand)
 q - an amulet of regeneration (around neck)
Wands
 d - a wand of flame (3)
 h - a wand of polymorph (12)
 z - a wand of paralysis (5)
Scrolls
 n - a scroll of vulnerability
 t - a scroll of silence
 y - a scroll of noise {unknown}
 A - 2 scrolls of enchant weapon
Potions
 l - a potion of cancellation
 o - 3 potions of brilliance
 B - a potion of curing


   Skills:
 + Level 9.0 Fighting
 + Level 9.3 Axes
 + Level 8.2 Armour
 + Level 8.2 Shields
 * Level 6.9 Invocations


You had 9 spell levels left.
You didn't know any spells.
Your spell library contained the following spells:

 Spells                   Type           Power      Damage    Failure   Level
 Ignite Poison            Fire/Tmut/Pois 0%         N/A       100%        3
 Kindle Blastsparks       Fire/Tloc/Air  0%         2d10      100%        3
 Freezing Cloud           Conj/Ice/Air   0%         6-21      100%        5


Dungeon Overview and Level Annotations

Branches:
Dungeon (8/15)             Temple (0/1) D:4
   Lair: D:8-11

Altars:
Ashenzari
Nemelex Xobeh
Uskayaw
Xom
Yredelemnul
The Shining One

Shops:
D:2 *

Annotations:
D:8 Grum


Innate Abilities, Weirdness & Mutations

You possess an exceptional clarity of mind.
Potions are less effective at restoring your health.
You occasionally lose the ability to read scrolls when taking damage.
You expend magic power (3 MP) to strengthen your wands.


Message History

The wolf bites you but does no damage. The wolf closely misses you.
You slice the wolf!!
You kill the wolf!
Beogh accepts your kill. The wolf bites you but does no damage.
Grum hits you from afar with a +1 glaive.
You closely miss the wolf. The wolf closely misses you.
The wolf bites you but does no damage. Grum hits you but does no damage.
The wolf bites you but does no damage.
You hit the wolf.
The wolf is moderately wounded.
The wolf bites you but does no damage. The wolf bites you!
Grum barely misses you.
You slice the wolf!!
You kill the wolf!
Beogh accepts your kill.
A wight comes into view.
It is wielding a +3 war axe and wearing a +1 robe of willpower.
Grum hits you from afar with a +1 glaive!
The wolf bites you but does no damage.
Grum hits you from afar with a +1 glaive!
The wolf barely misses you.
You slice the wolf!!
You kill the wolf!
Beogh accepts your kill.
Grum hits you from afar with a +1 glaive!
* * * LOW HITPOINT WARNING * * *
Your Fighting skill increases to level 9!
As you read the scroll of fog, it crumbles to dust.
The scroll dissolves into smoke.
The wight hits you with a +2 short sword of freezing.
* * * LOW HITPOINT WARNING * * *
The wight freezes you.
* * * LOW HITPOINT WARNING * * *
Grum hits you but does no damage. The wight attacks as you move away!
The wight closely misses you.
As you read the scroll of teleportation, it crumbles to dust.
You feel strangely unstable. The wight hits you but does no damage.
Grum hits you from afar with a +1 glaive!!
You feel threatened and lose the ability to read scrolls!
You die...

####### #.. # ...).# #.#
# ....## #<# # #.##
z...#######.## #
##....#............# #
....#h.§§§#######..# #
..... #g# #####..#
.....###z# #......#
......§@§# #.####.#
......§#§# #.# #.#
.######.#.# #.# #.# #
..........# #.# #.# #
.######.### #.####.#####
.######.######.........>#
..............######.##.#
#######.#####.# #.##.#
#.# #.# #.##.#


You could see Grum and a wight.

Vanquished Creatures
  Pikel (D:5)
  Grinder (D:5)
  Prince Ribbit (D:5)
  Eustachio (D:4)
  A wyvern (D:7)
  Edmund (D:4)
  A water moccasin (D:7)
  Duvessa (D:5)
  2 sky beasts
  An ice beast (D:8)
  Pargi (D:4)
  3 black bears
  3 wolves (D:8)
  4 centaurs
  A phantom (D:5)
  2 lemures (D:5)
  2 kobold brigands (D:7)
  Blork the orc (D:4)
  2 bullfrogs (D:6)
  A necrophage (D:7)
  Dowan (D:5)
  A howler monkey (D:5)
  5 orc priests
  3 hounds
  3 jellies
  A centaur skeleton (D:3)
  A gnoll bouda (D:7)
  Ijyb (D:5)
  Terence (D:3)
  7 orc wizards
  5 iguanas
  A howler monkey zombie (D:3)
  11 gnolls
  7 adders
  3 white imps
  An adder skeleton (D:3)
  An adder zombie (D:3)
  2 worms (D:2)
  21 orcs
  4 bats
  7 endoplasms
  5 giant cockroaches
  7 goblins
  8 hobgoblins
  4 jackals (D:2)
  4 quokkas
  13 ball pythons
  A ball python skeleton (D:3)
  2 frilled lizards (D:2)
  14 kobolds
  5 rats
  A butterfly (D:4)
182 creatures vanquished.

Vanquished Creatures (others)
  2 orcs (D:4)
  A kobold (D:4)
  3 plants (D:2)
  2 withered plants (D:3)
8 creatures vanquished.

Grand Total: 190 creatures vanquished

Notes
Turn   | Place    | Note
-------+----------+-------------------------------------------
     0 | D:1      | BigDaddyOpFi the Hill Orc Fighter began the quest for the
                  | Orb.
     0 | D:1      | Reached XP level 1. HP: 19/19 MP: 1/1
   135 | D:1      | Reached XP level 2. HP: 20/27 MP: 2/2
   911 | D:2      | Reached XP level 3. HP: 19/33 MP: 3/3
  1107 | D:2      | Found Paiqaphemn's General Store.
  1182 | D:2      | Reached XP level 4. HP: 39/41 MP: 4/4
  2070 | D:3      | Noticed Terence
  2080 | D:3      | Killed Terence
  2081 | D:3      | Reached XP level 5. HP: 45/47 MP: 5/5
  2457 | D:3      | Found a faded altar of an unknown god.
  2558 | D:3      | Reached skill level 5 in Fighting
  2706 | D:4      | Reached XP level 6. HP: 56/56 MP: 6/6
  2748 | D:4      | Noticed Blork the orc
  3156 | D:4      | Killed Blork the orc
  3157 | D:4      | Reached skill level 5 in Axes
  3297 | D:4      | Noticed Pargi
  3316 | D:4      | Killed Pargi
  3317 | D:4      | Reached skill level 5 in Armour
  3317 | D:4      | Reached skill level 5 in Shields
  3317 | D:4      | Reached XP level 7. HP: 62/62 MP: 7/7
  3373 | D:4      | Noticed Eustachio
  3415 | D:4      | Killed Eustachio
  3611 | D:4      | Noticed Edmund
  3612 | D:4      | Became a worshipper of Beogh the Brigand
  3625 | D:4      | Killed Edmund
  3658 | D:4      | Found a hide-covered altar of Uskayaw.
  3658 | D:4      | Found a staircase to the Ecumenical Temple.
  3675 | D:4      | Reached XP level 8. HP: 68/71 MP: 8/8
  3953 | D:4      | Found a glowing golden altar of the Shining One.
  3953 | D:4      | Found a shimmering altar of Xom.
  3955 | D:4      | Found a sparkling altar of Nemelex Xobeh.
  4119 | D:5      | Entered Level 5 of the Dungeon
  4197 | D:5      | Noticed Pikel
  4200 | D:5      | Noticed Prince Ribbit
  4201 | D:5      | Noticed Ijyb
  4215 | D:5      | Killed Pikel
  4218 | D:5      | Killed Prince Ribbit
  4222 | D:5      | Killed Ijyb
  4291 | D:5      | Noticed Grinder
  4299 | D:5      | Paralysed by Grinder for 2 turns
  4307 | D:5      | Killed Grinder
  4308 | D:5      | Reached XP level 9. HP: 81/81 MP: 9/9
  4325 | D:5      | Noticed Duvessa
  4326 | D:5      | Noticed Dowan
  4333 | D:5      | Killed Dowan
  4338 | D:5      | Killed Duvessa
  4339 | D:5      | Reached skill level 1 in Invocations
  4423 | D:5      | Found a broken altar of Ashenzari.
  4432 | D:5      | Found a basalt altar of Yredelemnul.
  4521 | D:5      | Reached * piety under Beogh
  5139 | D:6      | You fall into a shaft and drop 2 floors!
  5272 | D:6      | Reached ** piety under Beogh
  5756 | D:7      | Reached skill level 5 in Invocations
  5756 | D:7      | Gained mutation: Potions are less effective at restoring
                  | your health. [potion of mutation]
  5756 | D:7      | Gained mutation: You expend magic power (3 MP) to
                  | strengthen your wands. [potion of mutation]
  5756 | D:7      | Gained mutation: You occasionally lose the ability to read
                  | scrolls when taking damage. [potion of mutation]
  5756 | D:7      | Gained mutation: You possess an exceptional clarity of
                  | mind. [potion of mutation]
  5978 | D:7      | Identified a scroll of acquirement
  5978 | D:7      | Acquired the +7 executioner's axe of the Walnut {antimagic,
                  | rElec}
  5989 | D:7      | Reached XP level 10. HP: 90/90 MP: 4/14
  6670 | D:8      | Noticed Grum
  6681 | D:8      | Mangled by Grum

Illustrated notes

Levels and vault maps discovered:
D:1:      dpeg_arrival_windows_large_door, layout_basic
D:2:      minmay_chambers_of_ones, layout_loops_corners, serial_shops,
          nicolae_shop_trees, serial_bayou, serial_bayou_pond_a,
          serial_bayou_shore_b, serial_bayou_shore_b, serial_bayou_pond_e,
          uniq_crazy_yiuf_cottage
D:3:      layout_loops_ring, serial_undead, serial_undead_d, serial_undead_b,
          serial_undead_c, serial_undead_f, chequers_ecumenical_altar_simple,
          uniq_terence
D:4:      layout_basic, minitemple, minmay_temple_entry_butterflies, uniq_pargi,
          uniq_blork_the_orc, uniq_edmund, uniq_eustachio
D:5:      minmay_diamond_boxcup, layout_basic,
          mainiacjoe_overflow_catwalk_spiral, nrook_uturn, minmay_misc_feat_x,
          uniq_prince_ribbit1, uniq_grinder, uniq_ijyb, uniq_duvessa, uniq_pikel
D:6:      layout_basic
D:7:      layout_rooms, minmay_misc_feat_ornament
D:8:      layout_loops_ring, led_sif_pool, uniq_grum

Skill      XL: |  1  2  3  4  5  6  7  8  9 10 |
---------------+-------------------------------+-----
Axes           | 3 4 5 6 7 8 9 |  9.3
Fighting       | 4 5 6 7 8 9 |  9.0
Shields        | 4 5 7 8 |  8.2
Armour         | 4 5 7 8 |  8.2
Invocations    | 5 6 |  6.9

Action                     |  1- 3 |  4- 6 |  7- 9 | 10-12 || total
---------------------------+-------+-------+-------+-------++-------
  Melee: War axe           |    72 |   144 |    67 |       ||   283
         Broad axe         |       |       |   211 |       ||   211
         Executioner's axe |       |       |     3 |    54 ||    57
  Throw: Throwing net      |       |     1 |       |       ||     1
 Invoke: Convert to Beogh  |       |       |     1 |       ||     1
    Use: Potion            |     1 |     6 |     8 |     1 ||    16
         Scroll            |       |     3 |     6 |     2 ||    11
   Stab: Invisible         |       |       |     8 |       ||     8
         Sleeping          |       |       |     1 |       ||     1
 Armour: Scale mail        |    28 |    83 |    27 |       ||   138
         Skin              |       |    35 |       |       ||    35
         Leather armour    |       |       |    48 |       ||    48
         Chain mail        |       |       |    87 |    78 ||   165
  Dodge: Dodged            |    30 |    62 |   158 |    43 ||   293
  Block: Buckler           |    11 |    53 |    96 |       ||   160

Table legend: (Time is in decaauts)
 A = Elapsed time spent in this place.
 B = Non-inter-level travel time spent in this place.
 C = Inter-level travel time spent in this place.
 D = Time resting spent in this place.
 E = Time spent auto-exploring this place.
 F = Levels seen in this place.
 G = Mean time per level.
                   A        B        C        D        E       F      G
               +--------+--------+--------+--------+--------+-----+--------+
         Total |   6837 |   6616 |    221 |    693 |   4465 |   8 |  854.6 |
       Dungeon |   6837 |   6616 |    221 |    693 |   4465 |   8 |  854.6 |
               +--------+--------+--------+--------+--------+-----+--------+

Top non-repeatable levels by time:
     D:2: 1282 daAuts
     D:3: 1052 daAuts
     D:4: 1043 daAuts
     D:7: 872 daAuts
     D:1: 825 daAuts
     D:5: 773 daAuts
     D:6: 749 daAuts
     D:8: 238 daAuts
